 Dungeon Crawl Stone Soup version 0.20-a0-689-g860b9ab (webtiles) character file.

182 polly the Insei (level 5, 0/33 HPs)
             Began as an Octopode Transmuter on Feb 19, 2017.
             Succumbed to a worker ant's poison
             ... on level 4 of the Dungeon on Feb 20, 2017.
             The game lasted 00:05:45 (3384 turns).

polly the Insei (Octopode Transmuter)               Turns: 3384, Time: 00:05:45

Health: 0/33       AC:  1    Str:  8 (9)  XL:     5   Next: 61%
Magic:  8/8        EV: 19    Int: 19 (21) God:
Gold:   235        SH:  0    Dex: 15 (18) Spells: 3/8 levels left

rFire    . . .     SeeInvis .     - Unarmed
rCold    . . .     Gourm    .   (no shield)
rNeg     . . .     Faith    .   (helmet restricted)
rPois    .         Spirit   .   (no amulet)
rElec    .         Reflect  .   (no ring)
rCorr    .         Harm     .   (no ring)
MR       .....                  (no ring)
Stlth    ++++......             (no ring)
Regen    0.2/turn               (no ring)
MPRegen  0.2/turn               (no ring)
                                (no ring)
                                (no ring)

@: brilliant, agile, lethally poisoned (0 -> -3)
A: almost no armour, stealthy swim, amphibious, 8 rings, constrict 8, camouflage
1, gelatinous body 1
a: no special abilities


You were on level 4 of the Dungeon.
You were full.

You visited 1 branch of the dungeon, and saw 4 of its levels.

You collected 235 gold pieces.

Inventory:

Missiles
 a - 24 arrows
Scrolls
 d - 2 scrolls of identify
 e - 2 scrolls of random uselessness
 g - 5 scrolls of remove curse
Books
 b - a book of Changes

   Spells                             Type                      Level
   a - Beastly Appendage              Transmutation                1
   b - Sticks to Snakes               Transmutation                2
   c - Spider Form                    Transmutation/Poison         3
   d - Ice Form                       Ice/Transmutation            4
   e - Blade Hands                    Transmutation                5
Comestibles
 c - a bread ration
 h - 2 meat rations


   Skills:
 + Level 1.3 Fighting
 + Level 2.4 Dodging
 + Level 3.1 Stealth
 * Level 5.0 Unarmed Combat
 + Level 2.3 Spellcasting
 + Level 2.2 Transmutations


You had 3 spell levels left.
You knew the following spells:

 Your Spells              Type           Power        Failure   Level  Hunger
b - Blade Hands           Tmut           ###.......   41%         5    ######.


Dungeon Overview and Level Annotations

Branches:
Dungeon (4/15)
 Temple: D:4-7

Altars:
Fedhas


Innate Abilities, Weirdness & Mutations

You cannot wear most types of armour.
You are very stealthy in the water. (Stealth+)
You are amphibious.
You can wear up to eight rings at the same time.
You can use your tentacles to constrict eight enemies at once.
Your skin changes colour to match your surroundings (Stealth+).
Your rubbery body absorbs attacks. (AC +1, EV +1)


Message History

You feel sick.
As you read the scroll labeled XUUR TIWOFUPPIORR, it crumbles to dust.
It is a scroll of recharging.
You aren't carrying any rechargeable items.
The frilled lizard hisses angrily.
As you read the scroll labeled SOGHUNO CAKA, it crumbles to dust.
You feel strangely unstable.
It was a scroll of teleportation.
* * * LOW HITPOINT WARNING * * *
You feel sick.
Unknown command.
* * * LOW HITPOINT WARNING * * *
You feel sick.
Your surroundings suddenly seem different.
* * * LOW HITPOINT WARNING * * *
You feel sick.
A leopard gecko comes into view.
The leopard gecko hisses angrily.
You eat one of the 2 bread rations.
That bread ration really hit the spot!
You eat the royal jelly.
That royal jelly was delicious!
You die...

*,,,,***,,,,,,,****#....<
*,,,,,,,,,,,,,,,,......<.
*********,,,,,,,,,,,,,,,,........
,,,,,,,,,,,,,,,,**,,,****########
*********,**********,* * *,** ***
*#.####### **#.......##
**,.......@.## **,,..........#
**,,,.......l..# **
**,,,,>.........#* **,
**,,,,,$..........* *,,
*,,,,,,...........# *,,
*,,,,,,...........# ***,,
**,,,,,...........# ***,,,*
*,,,,,,.........## **,,,***


You could see a leopard gecko.

Vanquished Creatures
  2 worker ants (D:4)
  6 adders
  A worm (D:2)
  3 dart slugs (D:1)
  A leopard gecko (D:2)
  12 bats
  3 giant cockroaches
  3 goblins
  6 hobgoblins
  10 jackals
  7 kobolds
  2 quokkas
  3 ball pythons
  4 frilled lizards
  8 rats
71 creatures vanquished.

Notes
Turn   | Place    | Note
-------+----------+-------------------------------------------
     0 | D:1      | polly the Octopode Transmuter began the quest for the Orb.
     0 | D:1      | Reached XP level 1. HP: 13/13 MP: 3/3
   329 | D:1      | Reached XP level 2. HP: 18/18 MP: 5/5
  1055 | D:1      | Reached XP level 3. HP: 23/23 MP: 6/6
  1293 | D:2      | Reached skill level 1 in Stealth
  1796 | D:2      | Reached skill level 4 in Unarmed Combat
  1864 | D:2      | Reached XP level 4. HP: 26/28 MP: 7/7
  2015 | D:2      | Found a blossoming altar of Fedhas.
  2251 | D:3      | Found a faded altar of an unknown god.
  2579 | D:3      | Reached XP level 5. HP: 21/33 MP: 8/8
  3295 | D:4      | Learned a level 5 spell: Blade Hands
  3360 | D:4      | Reached skill level 5 in Unarmed Combat
  3381 | D:4      | HP: 1/33 [poisoned by a worker ant]
  3384 | D:4      | Succumbed to a worker ant's poison

Vault maps used:
D:1:      minmay_arrival_four_houses
D:2:      lemuel_round_altar, minmay_misc_feat_roman, minmay_misc_feat_tiny,
          hangedman_decor_riveting
D:3:      chequers_ecumenical_altar_simple_redux
D:4:      first_bread, uniq_robin

Skill      XL: |  1  2  3  4  5 |
---------------+----------------+-----
Stealth        | 1 2 3 |  3.1
Unarmed Combat | 4 5 |  5.0
Fighting       | |  1.3
Dodging        | |  2.4
Spellcasting   | |  2.3
Transmutations | |  2.2

Action                   |  1- 3 |  4- 6 || total
-------------------------+-------+-------++-------
Melee: Unarmed           |    85 |    86 ||   171
       Constrict         |    17 |    22 ||    39
       Tentacles         |    13 |    14 ||    27
       Kick              |     3 |       ||     3
       Punch             |     1 |     3 ||     4
 Cast: Beastly Appendage |     3 |       ||     3
  Use: Scroll            |       |     7 ||     7
       Potion            |       |     4 ||     4
 Stab: Sleeping          |     5 |     6 ||    11
  Eat: Chunk             |     2 |     5 ||     7
       Bread ration      |       |     1 ||     1
       Royal jelly       |       |     1 ||     1
Armor: Skin              |    19 |     7 ||    26
Dodge: Dodged            |    68 |    50 ||   118
